Workbook

Sheet Clientes
A1: nombre | B1: telefono | C1: email | D1: saldo | E1: estatus | F1: cargos | G1: abonos | H1: ultimo_abono
A2: Ferretería Núñez | B2: +52 55 0000 0091 | C2: compras@nunez.com | D2: =IF(A2="","",N(F2)-N(G2)) | E2: activo | F2: =IF(A2="","",SUMIFS(Movimientos!$E$2:$E$2000,Movimientos!$B$2:$B$2000,A2,Movimientos!$C$2:$C$2000,"cargo")) | G2: =IF(A2="","",SUMIFS(Movimientos!$E$2:$E$2000,Movimientos!$B$2:$B$2000,A2,Movimientos!$C$2:$C$2000,"abono")) | H2: =IF(N(G2)=0,"",SUMPRODUCT(MAX((Movimientos!$B$2:$B$2000=A2)*(Movimientos!$C$2:$C$2000="abono")*Movimientos!$A$2:$A$2000)))
A3: Gabriela Ponce | B3: +52 55 0000 0092 | D3: =IF(A3="","",N(F3)-N(G3)) | E3: vencido | F3: =IF(A3="","",SUMIFS(Movimientos!$E$2:$E$2000,Movimientos!$B$2:$B$2000,A3,Movimientos!$C$2:$C$2000,"cargo")) | G3: =IF(A3="","",SUMIFS(Movimientos!$E$2:$E$2000,Movimientos!$B$2:$B$2000,A3,Movimientos!$C$2:$C$2000,"abono")) | H3: =IF(N(G3)=0,"",SUMPRODUCT(MAX((Movimientos!$B$2:$B$2000=A3)*(Movimientos!$C$2:$C$2000="abono")*Movimientos!$A$2:$A$2000)))
A4: Carlos Ibarra | B4: +52 55 0000 0093 | C4: carlos@ejemplo.com | D4: =IF(A4="","",N(F4)-N(G4)) | E4: activo | F4: =IF(A4="","",SUMIFS(Movimientos!$E$2:$E$2000,Movimientos!$B$2:$B$2000,A4,Movimientos!$C$2:$C$2000,"cargo")) | G4: =IF(A4="","",SUMIFS(Movimientos!$E$2:$E$2000,Movimientos!$B$2:$B$2000,A4,Movimientos!$C$2:$C$2000,"abono")) | H4: =IF(N(G4)=0,"",SUMPRODUCT(MAX((Movimientos!$B$2:$B$2000=A4)*(Movimientos!$C$2:$C$2000="abono")*Movimientos!$A$2:$A$2000)))
D5: =IF(A5="","",N(F5)-N(G5)) | F5: =IF(A5="","",SUMIFS(Movimientos!$E$2:$E$2000,Movimientos!$B$2:$B$2000,A5,Movimientos!$C$2:$C$2000,"cargo")) | G5: =IF(A5="","",SUMIFS(Movimientos!$E$2:$E$2000,Movimientos!$B$2:$B$2000,A5,Movimientos!$C$2:$C$2000,"abono")) | H5: =IF(N(G5)=0,"",SUMPRODUCT(MAX((Movimientos!$B$2:$B$2000=A5)*(Movimientos!$C$2:$C$2000="abono")*Movimientos!$A$2:$A$2000)))
D6: =IF(A6="","",N(F6)-N(G6)) | F6: =IF(A6="","",SUMIFS(Movimientos!$E$2:$E$2000,Movimientos!$B$2:$B$2000,A6,Movimientos!$C$2:$C$2000,"cargo")) | G6: =IF(A6="","",SUMIFS(Movimientos!$E$2:$E$2000,Movimientos!$B$2:$B$2000,A6,Movimientos!$C$2:$C$2000,"abono")) | H6: =IF(N(G6)=0,"",SUMPRODUCT(MAX((Movimientos!$B$2:$B$2000=A6)*(Movimientos!$C$2:$C$2000="abono")*Movimientos!$A$2:$A$2000)))
D7: =IF(A7="","",N(F7)-N(G7)) | F7: =IF(A7="","",SUMIFS(Movimientos!$E$2:$E$2000,Movimientos!$B$2:$B$2000,A7,Movimientos!$C$2:$C$2000,"cargo")) | G7: =IF(A7="","",SUMIFS(Movimientos!$E$2:$E$2000,Movimientos!$B$2:$B$2000,A7,Movimientos!$C$2:$C$2000,"abono")) | H7: =IF(N(G7)=0,"",SUMPRODUCT(MAX((Movimientos!$B$2:$B$2000=A7)*(Movimientos!$C$2:$C$2000="abono")*Movimientos!$A$2:$A$2000)))
D8: =IF(A8="","",N(F8)-N(G8)) | F8: =IF(A8="","",SUMIFS(Movimientos!$E$2:$E$2000,Movimientos!$B$2:$B$2000,A8,Movimientos!$C$2:$C$2000,"cargo")) | G8: =IF(A8="","",SUMIFS(Movimientos!$E$2:$E$2000,Movimientos!$B$2:$B$2000,A8,Movimientos!$C$2:$C$2000,"abono")) | H8: =IF(N(G8)=0,"",SUMPRODUCT(MAX((Movimientos!$B$2:$B$2000=A8)*(Movimientos!$C$2:$C$2000="abono")*Movimientos!$A$2:$A$2000)))
D9: =IF(A9="","",N(F9)-N(G9)) | F9: =IF(A9="","",SUMIFS(Movimientos!$E$2:$E$2000,Movimientos!$B$2:$B$2000,A9,Movimientos!$C$2:$C$2000,"cargo")) | G9: =IF(A9="","",SUMIFS(Movimientos!$E$2:$E$2000,Movimientos!$B$2:$B$2000,A9,Movimientos!$C$2:$C$2000,"abono")) | H9: =IF(N(G9)=0,"",SUMPRODUCT(MAX((Movimientos!$B$2:$B$2000=A9)*(Movimientos!$C$2:$C$2000="abono")*Movimientos!$A$2:$A$2000)))
D10: =IF(A10="","",N(F10)-N(G10)) | F10: =IF(A10="","",SUMIFS(Movimientos!$E$2:$E$2000,Movimientos!$B$2:$B$2000,A10,Movimientos!$C$2:$C$2000,"cargo")) | G10: =IF(A10="","",SUMIFS(Movimientos!$E$2:$E$2000,Movimientos!$B$2:$B$2000,A10,Movimientos!$C$2:$C$2000,"abono")) | H10: =IF(N(G10)=0,"",SUMPRODUCT(MAX((Movimientos!$B$2:$B$2000=A10)*(Movimientos!$C$2:$C$2000="abono")*Movimientos!$A$2:$A$2000)))
D11: =IF(A11="","",N(F11)-N(G11)) | F11: =IF(A11="","",SUMIFS(Movimientos!$E$2:$E$2000,Movimientos!$B$2:$B$2000,A11,Movimientos!$C$2:$C$2000,"cargo")) | G11: =IF(A11="","",SUMIFS(Movimientos!$E$2:$E$2000,Movimientos!$B$2:$B$2000,A11,Movimientos!$C$2:$C$2000,"abono")) | H11: =IF(N(G11)=0,"",SUMPRODUCT(MAX((Movimientos!$B$2:$B$2000=A11)*(Movimientos!$C$2:$C$2000="abono")*Movimientos!$A$2:$A$2000)))
D12: =IF(A12="","",N(F12)-N(G12)) | F12: =IF(A12="","",SUMIFS(Movimientos!$E$2:$E$2000,Movimientos!$B$2:$B$2000,A12,Movimientos!$C$2:$C$2000,"cargo")) | G12: =IF(A12="","",SUMIFS(Movimientos!$E$2:$E$2000,Movimientos!$B$2:$B$2000,A12,Movimientos!$C$2:$C$2000,"abono")) | H12: =IF(N(G12)=0,"",SUMPRODUCT(MAX((Movimientos!$B$2:$B$2000=A12)*(Movimientos!$C$2:$C$2000="abono")*Movimientos!$A$2:$A$2000)))
D13: =IF(A13="","",N(F13)-N(G13)) | F13: =IF(A13="","",SUMIFS(Movimientos!$E$2:$E$2000,Movimientos!$B$2:$B$2000,A13,Movimientos!$C$2:$C$2000,"cargo")) | G13: =IF(A13="","",SUMIFS(Movimientos!$E$2:$E$2000,Movimientos!$B$2:$B$2000,A13,Movimientos!$C$2:$C$2000,"abono")) | H13: =IF(N(G13)=0,"",SUMPRODUCT(MAX((Movimientos!$B$2:$B$2000=A13)*(Movimientos!$C$2:$C$2000="abono")*Movimientos!$A$2:$A$2000)))
D14: =IF(A14="","",N(F14)-N(G14)) | F14: =IF(A14="","",SUMIFS(Movimientos!$E$2:$E$2000,Movimientos!$B$2:$B$2000,A14,Movimientos!$C$2:$C$2000,"cargo")) | G14: =IF(A14="","",SUMIFS(Movimientos!$E$2:$E$2000,Movimientos!$B$2:$B$2000,A14,Movimientos!$C$2:$C$2000,"abono")) | H14: =IF(N(G14)=0,"",SUMPRODUCT(MAX((Movimientos!$B$2:$B$2000=A14)*(Movimientos!$C$2:$C$2000="abono")*Movimientos!$A$2:$A$2000)))
D15: =IF(A15="","",N(F15)-N(G15)) | F15: =IF(A15="","",SUMIFS(Movimientos!$E$2:$E$2000,Movimientos!$B$2:$B$2000,A15,Movimientos!$C$2:$C$2000,"cargo")) | G15: =IF(A15="","",SUMIFS(Movimientos!$E$2:$E$2000,Movimientos!$B$2:$B$2000,A15,Movimientos!$C$2:$C$2000,"abono")) | H15: =IF(N(G15)=0,"",SUMPRODUCT(MAX((Movimientos!$B$2:$B$2000=A15)*(Movimientos!$C$2:$C$2000="abono")*Movimientos!$A$2:$A$2000)))
D16: =IF(A16="","",N(F16)-N(G16)) | F16: =IF(A16="","",SUMIFS(Movimientos!$E$2:$E$2000,Movimientos!$B$2:$B$2000,A16,Movimientos!$C$2:$C$2000,"cargo")) | G16: =IF(A16="","",SUMIFS(Movimientos!$E$2:$E$2000,Movimientos!$B$2:$B$2000,A16,Movimientos!$C$2:$C$2000,"abono")) | H16: =IF(N(G16)=0,"",SUMPRODUCT(MAX((Movimientos!$B$2:$B$2000=A16)*(Movimientos!$C$2:$C$2000="abono")*Movimientos!$A$2:$A$2000)))
... D201: =IF(A201="","",N(F201)-N(G201)) | F201: =IF(A201="","",SUMIFS(Movimientos!$E$2:$E$2000,Movimientos!$B$2:$B$2000,A201,Movimientos!$C$2:$C$2000,"cargo")) | G201: =IF(A201="","",SUMIFS(Movimientos!$E$2:$E$2000,Movimientos!$B$2:$B$2000,A201,Movimientos!$C$2:$C$2000,"abono")) | H201: =IF(N(G201)=0,"",SUMPRODUCT(MAX((Movimientos!$B$2:$B$2000=A201)*(Movimientos!$C$2:$C$2000="abono")*Movimientos!$A$2:$A$2000)))
A204: Totales | D204: =SUM(D2:D201) | F204: =SUM(F2:F201) | G204: =SUM(G2:G201)

Sheet Movimientos
A1: fecha | B1: cliente | C1: tipo | D1: concepto | E1: monto | F1: saldo_del_cliente
A2: 46267 | B2: Ferretería Núñez | C2: cargo | D2: Nota 311, material eléctrico | E2: 8400 | F2: =IF(B2="","",SUMIFS($E$2:E2,$B$2:B2,B2,$C$2:C2,"cargo")-SUMIFS($E$2:E2,$B$2:B2,B2,$C$2:C2,"abono"))
A3: 46270 | B3: Gabriela Ponce | C3: cargo | D3: Juego de sala a crédito | E3: 12600 | F3: =IF(B3="","",SUMIFS($E$2:E3,$B$2:B3,B3,$C$2:C3,"cargo")-SUMIFS($E$2:E3,$B$2:B3,B3,$C$2:C3,"abono"))
A4: 46270 | B4: Gabriela Ponce | C4: abono | D4: Enganche | E4: 2600 | F4: =IF(B4="","",SUMIFS($E$2:E4,$B$2:B4,B4,$C$2:C4,"cargo")-SUMIFS($E$2:E4,$B$2:B4,B4,$C$2:C4,"abono"))
A5: 46281 | B5: Ferretería Núñez | C5: abono | D5: Transferencia | E5: 4000 | F5: =IF(B5="","",SUMIFS($E$2:E5,$B$2:B5,B5,$C$2:C5,"cargo")-SUMIFS($E$2:E5,$B$2:B5,B5,$C$2:C5,"abono"))
A6: 46284 | B6: Gabriela Ponce | C6: abono | D6: Abono quincenal | E6: 1250 | F6: =IF(B6="","",SUMIFS($E$2:E6,$B$2:B6,B6,$C$2:C6,"cargo")-SUMIFS($E$2:E6,$B$2:B6,B6,$C$2:C6,"abono"))
A7: 46288 | B7: Carlos Ibarra | C7: cargo | D7: Servicio de mantenimiento | E7: 3500 | F7: =IF(B7="","",SUMIFS($E$2:E7,$B$2:B7,B7,$C$2:C7,"cargo")-SUMIFS($E$2:E7,$B$2:B7,B7,$C$2:C7,"abono"))
A8: 46295 | B8: Ferretería Núñez | C8: cargo | D8: Nota 327, tubería | E8: 2150 | F8: =IF(B8="","",SUMIFS($E$2:E8,$B$2:B8,B8,$C$2:C8,"cargo")-SUMIFS($E$2:E8,$B$2:B8,B8,$C$2:C8,"abono"))
A9: 46298 | B9: Gabriela Ponce | C9: abono | D9: Abono quincenal | E9: 1250 | F9: =IF(B9="","",SUMIFS($E$2:E9,$B$2:B9,B9,$C$2:C9,"cargo")-SUMIFS($E$2:E9,$B$2:B9,B9,$C$2:C9,"abono"))
A10: 46303 | B10: Carlos Ibarra | C10: abono | D10: Pago total | E10: 3500 | F10: =IF(B10="","",SUMIFS($E$2:E10,$B$2:B10,B10,$C$2:C10,"cargo")-SUMIFS($E$2:E10,$B$2:B10,B10,$C$2:C10,"abono"))
F11: =IF(B11="","",SUMIFS($E$2:E11,$B$2:B11,B11,$C$2:C11,"cargo")-SUMIFS($E$2:E11,$B$2:B11,B11,$C$2:C11,"abono"))
F12: =IF(B12="","",SUMIFS($E$2:E12,$B$2:B12,B12,$C$2:C12,"cargo")-SUMIFS($E$2:E12,$B$2:B12,B12,$C$2:C12,"abono"))
F13: =IF(B13="","",SUMIFS($E$2:E13,$B$2:B13,B13,$C$2:C13,"cargo")-SUMIFS($E$2:E13,$B$2:B13,B13,$C$2:C13,"abono"))
F14: =IF(B14="","",SUMIFS($E$2:E14,$B$2:B14,B14,$C$2:C14,"cargo")-SUMIFS($E$2:E14,$B$2:B14,B14,$C$2:C14,"abono"))
F15: =IF(B15="","",SUMIFS($E$2:E15,$B$2:B15,B15,$C$2:C15,"cargo")-SUMIFS($E$2:E15,$B$2:B15,B15,$C$2:C15,"abono"))
F16: =IF(B16="","",SUMIFS($E$2:E16,$B$2:B16,B16,$C$2:C16,"cargo")-SUMIFS($E$2:E16,$B$2:B16,B16,$C$2:C16,"abono"))
F17: =IF(B17="","",SUMIFS($E$2:E17,$B$2:B17,B17,$C$2:C17,"cargo")-SUMIFS($E$2:E17,$B$2:B17,B17,$C$2:C17,"abono"))
F18: =IF(B18="","",SUMIFS($E$2:E18,$B$2:B18,B18,$C$2:C18,"cargo")-SUMIFS($E$2:E18,$B$2:B18,B18,$C$2:C18,"abono"))
F19: =IF(B19="","",SUMIFS($E$2:E19,$B$2:B19,B19,$C$2:C19,"cargo")-SUMIFS($E$2:E19,$B$2:B19,B19,$C$2:C19,"abono"))
F20: =IF(B20="","",SUMIFS($E$2:E20,$B$2:B20,B20,$C$2:C20,"cargo")-SUMIFS($E$2:E20,$B$2:B20,B20,$C$2:C20,"abono"))
F21: =IF(B21="","",SUMIFS($E$2:E21,$B$2:B21,B21,$C$2:C21,"cargo")-SUMIFS($E$2:E21,$B$2:B21,B21,$C$2:C21,"abono"))
F22: =IF(B22="","",SUMIFS($E$2:E22,$B$2:B22,B22,$C$2:C22,"cargo")-SUMIFS($E$2:E22,$B$2:B22,B22,$C$2:C22,"abono"))
... F2000: =IF(B2000="","",SUMIFS($E$2:E2000,$B$2:B2000,B2000,$C$2:C2000,"cargo")-SUMIFS($E$2:E2000,$B$2:B2000,B2000,$C$2:C2000,"abono"))

Sheet Cómo se usa
A1: Cómo se usa esta hoja
A3: La libreta de cargos y abonos de todos tus clientes, en una sola hoja.
A5: Movimientos: cada cosa que pasa se anota una vez, en orden de fecha. Una venta, un servicio o
A6: una nota a crédito es un cargo; cada pago que entra es un abono. El nombre del cliente se
A7: escribe igual que en la pestaña Clientes. La última columna es el saldo de ESE cliente después
A8: de ese movimiento, aunque haya otros clientes en medio.
A10: Clientes: un renglón por persona o negocio. Cargos, abonos, saldo y fecha del último abono se
A11: calculan solos desde Movimientos. No se escriben a mano.
A13: Cuando un cliente te pida su estado de cuenta, filtra Movimientos por su nombre: ahí está todo
A14: lo que se le cargó y todo lo que pagó, con el saldo de cada día.
A16: Las cinco primeras columnas de Clientes son las que lee Makatea: guarda esa pestaña como CSV y
A17: súbela, y el recordatorio le llega a quien tiene saldo.
A19: Makatea recuerda, registra y comunica. No mueve dinero.
